 Dungeon Crawl Stone Soup version 0.31.0-12-g77e489cdc1 (webtiles) character file.

Game seed: 16421201135424188876

88936 hexenhour the Executioner (level 15, -4/136 HPs)
             Began as a Minotaur Fighter on Mar 1, 2024.
             Was the Champion of Okawaru.
             Slain by an eight-headed hydra (14 damage)
             ... on level 1 of the Swamp.
             The game lasted 01:27:53 (17303 turns).

hexenhour the Executioner (Minotaur Fighter)       Turns: 17303, Time: 01:27:54

Health: -4/136     AC: 30    Str: 39    XL:     15   Next: 47%
Magic:  11/11      EV:  7    Int:  7    God:    Okawaru [******]
Gold:   727        SH:  8    Dex: 10    Spells: 12/14 levels left

rFire   + . .        U - +10 broad axe of Saltpetre {elec, rElec Will+}
rCold   . . .        i - +1 buckler of Dyelocw {Harm rPois Str+2 Int+2}
rNeg    . . .        C - +3 crystal plate armour
rPois   +            x - +0 hat
rElec   +            (no cloak)
rCorr   +            (no gloves)
SInv    .            T - +0 pair of boots of Curiosity {rF- Str+3 Slay+5}
Will    ++...        c - amulet of regeneration Stlth
                     V - ring of Suk Nopn {rElec rF++ rCorr MP-9 Str+6}
HPRegen 1.22/turn    o - +4 ring of protection
MPRegen 0.12/turn

%: harm (+30% outgoing, +20% incoming)
@: marked
A: horns 2, retaliatory headbutt
a: Renounce Religion, Heroism, Finesse, Duel


You were on level 1 of the Swamp.
You worshipped Okawaru.
Okawaru was exalted by your worship.
You visited 5 branches of the dungeon, and saw 21 of its levels.
You also visited: Bailey.

You collected 1518 gold pieces.
You spent 791 gold pieces at shops.

Inventory:

Hand Weapons
 U - the +10 broad axe of Saltpetre (weapon) {elec, rElec Will+}
   (Okawaru gifted it to you on level 12 of the Dungeon)

   rElec:     It insulates you from electricity.
   Will+:     It increases your willpower.
 X - a +1 flail of venom
Missiles
 n - 5 silver javelins
 w - 5 throwing nets
 K - 15 poisoned darts (quivered)
 N - 4 curare-tipped darts
 Q - 9 boomerangs
 S - 2 atropa-tipped darts
Armour
 i - the +1 buckler of Dyelocw (worn) {Harm rPois Str+2 Int+2}
   (Okawaru gifted it to you on level 12 of the Dungeon)

   Str+2:     It affects your strength (+2).
   Int+2:     It affects your intelligence (+2).
   rPois:     It protects you from poison Harm: It increases damage dealt and
   taken.
 x - a +0 hat (worn)
 C - a +3 crystal plate armour (worn)
 T - the +0 pair of boots of Curiosity (worn) {rF- Str+3 Slay+5}
   (You bought it in a shop on level 2 of the Orcish Mines)

   Str+3:     It affects your strength (+3).
   Slay+5:    It affects your accuracy & damage with ranged weapons and melee
   (+5).
   rF-:       It makes you vulnerable to fire.
 W - a +2 kite shield
Jewellery
 c - an amulet of regeneration (around neck)
 j - a ring of positive energy
 o - a +4 ring of protection (right hand)
 E - a ring of resist corrosion
 G - a ring of flight
 H - a +4 ring of slaying
 V - the ring of Suk Nopn (left hand) {rElec rF++ rCorr MP-9 Str+6}
   (You found it on level 12 of the Dungeon)

   [ring of strength]

   Str+6:     It affects your strength (+6).
   rF++:      It greatly protects you from fire.
   rElec:     It insulates you from electricity.
   MP-9:      It affects your magic capacity (-9).
   rCorr:     It protects you from acid and corrosion.
 Y - the ring of the King {rElec rC+ Will+ Dex-3 SInv}
   (You found it on level 1 of the Lair of Beasts)

   [ring of see invisible]

   Dex-3:     It affects your dexterity (-3).
   rC+:       It protects you from cold.
   rElec:     It insulates you from electricity.
   Will+:     It increases your willpower.
   SInv:      It lets you see invisible.
Talismans
 a - a serpent talisman
Wands
 b - a wand of quicksilver (16)
 s - a wand of digging (14)
 D - a wand of paralysis (30)
 I - a wand of flame (25)
 O - a wand of roots (10)
Scrolls
 e - 6 scrolls of noise
 f - 6 scrolls of amnesia
 g - 3 scrolls of vulnerability
 h - 3 scrolls of fog
 r - 2 scrolls of silence
 t - 2 scrolls of fear
 u - 4 scrolls of poison
 y - a scroll of immolation
 J - 5 scrolls of identify
 L - 2 scrolls of teleportation
Potions
 d - 2 potions of might
 k - a potion of attraction
 l - 6 potions of heal wounds
 m - 7 potions of curing
 p - 5 potions of berserk rage
 q - 2 potions of brilliance
 v - 6 potions of magic
 z - a potion of cancellation
 A - 5 potions of mutation
 B - 4 potions of lignification
 F - 5 potions of invisibility
 M - a potion of enlightenment
 P - 4 potions of resistance
 R - a potion of haste
 Z - 7 potions of ambrosia


   Skills:
 + Level 13.3 Fighting
 + Level 21.7 Axes
 - Level 2.2 Throwing
 + Level 12.7 Armour
 + Level 12.6 Shields
 + Level 9.1 Invocations
 + Level 8.3 Evocations


You had 12 spell levels left.
You knew the following spells:

 Your Spells              Type           Power      Damage    Failure   Level
a - Blink                 Tloc           0%         N/A       100%        2

Your spell library contained the following spells:

 Spells                   Type           Power      Damage    Failure   Level
 Foxfire                  Conj/Fire      0%         2x1d4     99%         1
 Ensorcelled Hibernation  Hex/Ice        0%         N/A       100%        2
 Lesser Beckoning         Tloc           0%         N/A       100%        2
 Momentum Strike          Conj/Tloc      0%         3d8       100%        2
 Scorch                   Fire           0%         2d5       100%        2
 Sublimation of Blood     Necr           0%         N/A       100%        2
 Fugue of the Fallen      Necr           0%         N/A       100%        3
 Anguish                  Hex/Necr       0%         N/A       100%        4
 Flame Wave               Conj/Fire      0%         2d4       100%        4
 Petrify                  Alch/Erth      0%         N/A       100%        4
 Borgnjor's Vile Clutch   Necr/Erth      0%         N/A       100%        5
 Irradiate                Conj/Alch      0%         3d11      100%        5
 Animate Dead             Necr           Unusable   N/A       N/A         4
 Death Channel            Necr           Unusable   N/A       N/A         6
 Summon Cactus Giant      Summ           Unusable   N/A       N/A         6

Dungeon Overview and Level Annotations

Branches:
Dungeon (13/15)            Temple (1/1) D:6            Lair (4/5) D:9
  Swamp (1/4) Lair:3        Snake (0/4) Lair:2        Slime (0/5) Lair:4
    Orc (2/2) D:10            Elf (0/3) Orc:2        Bailey (visited)
 Vaults: D:13-14

Altars:
Ashenzari
Cheibriados
Dithmenos
Elyvilon
Fedhas
Gozag
Hepliaklqana
Kikubaaqudgha
Makhleb
Nemelex Xobeh
Okawaru
Qazlal
Ru
Sif Muna
Trog
Uskayaw
Vehumet
Wu Jian
Xom
Yredelemnul
Zin
The Shining One

Shops:
D:9 =*([?   Orc:1 (([=(   Orc:2 :[[(?**

Annotations:
D:13 2 transporters


Innate Abilities, Weirdness & Mutations

You have a pair of horns on your head.
You reflexively headbutt those who attack you in melee.


Message History

Okawaru accepts your kill.
A swamp worm comes into view.
The goliath frog hits you from afar!
You are splashed with acid.
You resist.
A bloated husk comes into view.
You slice the swamp worm!!
The swamp worm is almost dead.
The swamp worm fires a harpoon shot at you.
The harpoon shot hits you!
You are yanked forward by the harpoon shot.
Splash!
You fall into the shallow water.
Moving in this stuff is going to be slow.
A tyrant leech comes into view.
You slice the swamp worm!!
You kill the swamp worm!
Okawaru accepts your kill.
A swamp worm comes into view.
A swamp worm comes into view.
The goliath frog hits you.
You are splashed with acid.
You resist. You block the swamp worm's attack.
A spriggan rider comes into view. It is wielding a +0 spear.
The swamp worm fires a harpoon shot at you.
You block the harpoon shot. The goliath frog hits you!
* * * LOW HITPOINT WARNING * * *
You are splashed with acid.
You resist.
* * * LOW HITPOINT WARNING * * *
The swamp worm barely misses you. You furiously retaliate!
You headbutt the swamp worm!
You kill the swamp worm!
Okawaru accepts your kill.
The eight-headed hydra bites you but does no damage.
The eight-headed hydra bites you.
* * * LOW HITPOINT WARNING * * *
The eight-headed hydra bites you but does no damage.
The eight-headed hydra closely misses you.
The eight-headed hydra bites you but does no damage.
The eight-headed hydra bites you!
* * * LOW HITPOINT WARNING * * *
The eight-headed hydra bites you!
You die...

♣~~...≈# ♣♣~~...~# .~....~#
♣.....8# ♣.~~..§# ♣♣.§~~..##
. ♣.~..~.~~# ~~♣ ♣~§~..~##.
♣.~~ ♣.@.n.~.w~~
.~~§....♣♣.~.♣♣F†D~.~.'~~
~~~.~.§§.~>~~.~§..i.w.#++#
.~~~~~♣.~~.~~♣♣.~....≈...###
.~~~~....§.~.♣.~~.†§...w~~.~
~~♣.§..♣.§~~.♣♣.~..♣i~~w....
....~~.♣.~♣~~♣♣.~~.♣~~~♣♣♣.~
~§~~~~.♣~...~.♣.~.~~..~♣
~~~~~~.~~.~.~♣♣.♣♣..♣..♣♣


You could see an eight-headed hydra, a tyrant leech, 2 spriggan riders, a
goliath frog, 3 swamp worms and a bloated husk.

Vanquished Creatures
  Saint Roka (Orc:2)
  An orc warlord (Orc:1)
  A bunyip (Swamp:1)
  Snorg (D:11)
  Josephine (D:10)
  2 hydras (D:13)
  Harold (D:11)
  Erolcha (Orc:2)
  An alligator (Swamp:1)
  Fannar (D:12)
  A catoblepas (D:13)
  3 centaur warriors
  5 death yaks (Lair:4)
  6 two-headed ogres
  2 orc high priests (Orc:2)
  Sonja (Orc:2)
  A goliath frog (Swamp:1)
  4 skeletal warriors (D:11)
  An arcanist (D:13)
  A spriggan druid (Swamp:1)
  2 bog bodies (Lair:3)
  2 orc knights
  The ghost of hawkwood the Spear-Bearer, a novice DgAr (D:7)
  An ugly thing (D:12)
  5 orc sorcerers (Orc:2)
  A salamander (Lair:2)
  A cyclops (D:10)
  4 black mambas
  7 elephants
  11 cane toads
  2 rime drakes
  Maggie (D:7)
  3 unseen horrors
  2 gargoyles
  An efreet (D:10)
  8 komodo dragons
  2 hornets
  A polar bear (Lair:4)
  A queen bee (Lair:1)
  4 trolls
  16 blink frogs
  A shadow (D:9)
  Sigmund (D:6)
  6 slime creatures
  4 spriggans (Swamp:1)
  2 vampires
  4 wyverns
  5 wraiths (D:10)
  2 basilisks (D:9)
  30 yaks
  2 wargs (Orc:1)
  A vampire mosquito (D:10)
  A steam dragon (D:10)
  5 swamp worms (Swamp:1)
  An acid dragon (D:10)
  13 water moccasins
  32 orc warriors
  3 black bears
  A sky beast (D:7)
  3 ice beasts
  22 wolves
  4 ogres (Orc:2)
  6 centaurs
  2 kobold brigands
  A scorpion (D:5)
  14 bullfrogs
  11 wights
  27 killer bees
  6 howler monkeys
  An electric eel (Lair:3)
  3 lava snakes (Lair:2)
  2 bombardier beetles (D:5)
  25 orc priests
  2 gnoll boudas
  5 hounds
  2 jellies (D:5)
  A sleepcap (D:5)
  6 iguanas
  39 orc wizards
  21 gnolls
  10 adders
  2 shadow imps
  A white imp (D:8)
  2 ufetubi (D:6)
  2 ribbon worms
  6 dart slugs
  105 orcs
  7 endoplasms
  3 giant cockroaches
  17 goblins
  16 hobgoblins
  6 jackals
  4 quokkas
  12 ball pythons
  4 bats
  A frilled lizard (D:1)
  17 kobolds
  9 rats
653 creatures vanquished.

Vanquished Creatures (others)
  A bloated husk (Swamp:1)
  2 orc wizards
3 creatures vanquished.

Grand Total: 656 creatures vanquished

Notes
Turn   | Place    | Note
-------+----------+-------------------------------------------
     0 | D:1      | hexenhour the Minotaur Fighter began the quest for the Orb.
     0 | D:1      | Reached XP level 1. HP: 19/19 MP: 0/0
    50 | D:1      | Reached skill level 3 in Axes
   196 | D:1      | Reached XP level 2. HP: 25/27 MP: 1/1
   458 | D:1      | Reached XP level 3. HP: 31/33 MP: 2/2
   705 | D:1      | Reached skill level 4 in Axes
  1194 | D:2      | Reached XP level 4. HP: 37/41 MP: 3/3
  1382 | D:2      | Reached skill level 5 in Axes
  1873 | D:3      | Reached skill level 5 in Fighting
  1873 | D:3      | Reached XP level 5. HP: 33/48 MP: 4/4
  1941 | D:3      | Found a glowing silver altar of Zin.
  2106 | D:3      | Found an opulent altar of Gozag.
  2372 | D:3      | Found a faded altar of an unknown god.
  2591 | D:3      | Identified a scroll of acquirement
  2593 | D:3      | Acquired the +3 chain mail of the Shoals {rC+ Regen+}
  2642 | D:4      | Reached skill level 6 in Axes
  2758 | D:4      | Reached XP level 6. HP: 56/56 MP: 5/5
  3355 | D:5      | Entered Level 5 of the Dungeon
  3363 | D:5      | Reached skill level 7 in Axes
  3446 | D:5      | Reached XP level 7. HP: 54/63 MP: 6/6
  4219 | D:5      | Found a burning altar of Makhleb.
  4340 | D:6      | Reached skill level 8 in Axes
  4420 | D:6      | Found a staircase to the Ecumenical Temple.
  4427 | D:6      | Reached skill level 5 in Armour
  4427 | D:6      | Reached skill level 5 in Shields
  4441 | Temple   | Entered the Ecumenical Temple
  4514 | Temple   | Became a worshipper of Warmaster Okawaru
  4608 | Temple   | Reached XP level 8. HP: 21/71 MP: 7/7
  4736 | D:6      | Identified the +7 hand axe "Fakhaf" {heavy, rPois Str-5
                  | Int+3 Stlth+}
  4824 | D:6      | Noticed Sigmund
  4830 | D:6      | Killed Sigmund
  4830 | D:6      | Reached * piety under Okawaru
  4831 | D:6      | Reached skill level 9 in Axes
  5455 | D:7      | Noticed Maggie
  5470 | D:7      | Killed Maggie
  5471 | D:7      | Reached skill level 10 in Axes
  5480 | D:7      | Reached XP level 9. HP: 79/79 MP: 6/8
  5519 | D:7      | Reached ** piety under Okawaru
  5546 | D:7      | Reached skill level 11 in Axes
  5553 | D:7      | Learned a level 2 spell: Blink
  5749 | D:7      | Reached skill level 12 in Axes
  5970 | D:7      | Found a runed translucent door.
  5973 | D:7      | Noticed hawkwood's ghost (novice DgAr)
  6116 | D:7      | Killed hawkwood's ghost
  6117 | D:7      | Reached skill level 13 in Axes
  6262 | D:8      | Found a sacrificial altar of Ru.
  6323 | D:8      | Noticed a two-headed ogre
  6332 | D:8      | Killed a two-headed ogre
  6332 | D:8      | Reached *** piety under Okawaru
  6333 | D:8      | Reached skill level 14 in Axes
  6333 | D:8      | Reached XP level 10. HP: 57/86 MP: 9/9
  6365 | D:8      | Noticed a moth of wrath
  6368 | D:8      | Found a bloodstained altar of Trog.
  6443 | D:8      | Noticed a two-headed ogre
  6450 | D:8      | Killed a two-headed ogre
  6451 | D:8      | Reached skill level 1 in Invocations
  6553 | D:8      | Reached skill level 1 in Evocations
  6739 | D:9      | Found a flagged portal.
  6792 | D:9      | Found Diruar Leurph's Magic Scroll Boutique.
  6793 | D:9      | Found Vizytuf's Weapon Emporium.
  6806 | D:9      | Found Xoudgh's Assorted Antiques.
  6810 | D:9      | Found Cybotyust's Armour Shoppe.
  6854 | D:9      | Reached **** piety under Okawaru
  6867 | D:9      | Found Anugybb's Jewellery Boutique.
  6901 | D:9      | Found a staircase to the Lair.
  6902 | D:9      | Noticed an elephant
  6921 | D:9      | Killed an elephant
  7115 | D:9      | Reached skill level 15 in Axes
  7147 | Bailey   | Entered a bailey
  7663 | D:9      | Acquired a manual of Axes
  7692 | D:9      | Bought a scroll of identify for 20 gold pieces
  7692 | D:9      | Bought a scroll of teleportation for 30 gold pieces
  7794 | D:10     | Entered Level 10 of the Dungeon
  7794 | D:10     | Noticed Josephine
  7809 | D:10     | Killed Josephine
  7812 | D:10     | Reached ***** piety under Okawaru
  7813 | D:10     | Reached XP level 11. HP: 53/95 MP: 9/12
  7960 | D:10     | Found a staircase to the Orcish Mines.
  8123 | D:10     | Noticed a two-headed ogre
  8140 | D:10     | Killed a two-headed ogre
  8162 | D:10     | Noticed a two-headed ogre
  8171 | D:10     | Killed a two-headed ogre
  8172 | D:10     | Reached skill level 16 in Axes
  8336 | D:10     | Noticed a centaur warrior
  8347 | D:10     | Killed a centaur warrior
  8618 | D:10     | Received a gift from Okawaru
  8687 | D:10     | Noticed a centaur warrior
  8695 | D:10     | Killed a centaur warrior
  8696 | D:10     | Reached skill level 17 in Axes
  8842 | D:10     | You fall into a shaft and drop 3 floors!
  8938 | D:12     | Noticed a brown ugly thing
  8954 | D:12     | Killed a brown ugly thing
  9174 | D:12     | Reached XP level 12. HP: 96/106 MP: 14/14
  9218 | D:12     | Reached ****** piety under Okawaru
  9218 | D:12     | Received a gift from Okawaru
  9253 | D:12     | Acquired the +10 broad axe of Saltpetre {elec, rElec Will+}
  9253 | D:12     | Received a gift from Okawaru
  9328 | D:11     | Noticed Harold
  9328 | D:11     | Noticed Snorg
  9337 | D:11     | Killed Harold
  9338 | D:11     | Reached skill level 10 in Fighting
  9338 | D:11     | Reached skill level 5 in Invocations
  9340 | D:11     | Killed Snorg
  9341 | D:11     | Reached skill level 18 in Axes
  9588 | D:11     | Reached skill level 5 in Evocations
  9664 | D:11     | Noticed a two-headed ogre
  9670 | D:11     | Killed a two-headed ogre
 10170 | D:10     | Noticed a two-headed ogre
 10180 | D:10     | Killed a two-headed ogre
 10238 | D:10     | Paralysed by a hornet for 1 turns
 10240 | D:10     | Received a gift from Okawaru
 10361 | D:12     | Noticed Fannar
 10368 | D:12     | Killed Fannar
 10395 | D:12     | Identified the ring of Suk Nopn {rElec rF++ rCorr MP-9
                  | Str+6}
 10439 | D:12     | Identified the +2 leather armour "Fed Daev" {Int+3}
 10722 | D:12     | Reached skill level 19 in Axes
 10808 | D:13     | Noticed a catoblepas
 10813 | D:13     | Killed a catoblepas
 10898 | D:13     | Noticed a seven-headed hydra
 11008 | D:13     | Killed a seven-headed hydra
 11009 | D:13     | Reached skill level 10 in Armour
 11022 | D:13     | Noticed a centaur warrior
 11030 | D:13     | Killed a centaur warrior
 11071 | D:13     | Noticed a seven-headed hydra
 11078 | D:13     | Killed a seven-headed hydra
 11120 | D:13     | Found a transporter.
 11122 | D:13     | Found a transporter.
 11122 | D:13     | Noticed an ogre mage
 11122 | D:13     | Noticed an ogre mage
 11125 | D:13     | Noticed an orc warlord
 11126 | D:13     | Noticed a two-headed ogre
 11271 | Orc:1    | Entered Level 1 of the Orcish Mines
 11282 | Orc:1    | Reached skill level 10 in Shields
 11294 | Orc:1    | Found Huosadd's Antique Weapon Emporium.
 11350 | Orc:1    | Found Bishoenk's Jewellery Emporium.
 11364 | Orc:1    | Bought an amulet of regeneration for 390 gold pieces
 11550 | Orc:2    | Entered Level 2 of the Orcish Mines
 11591 | Orc:2    | Reached XP level 13. HP: 115/115 MP: 16/16
 11592 | Orc:2    | Noticed Saint Roka
 11615 | Orc:1    | Received a gift from Okawaru
 11938 | Orc:1    | Found a transporter.
 11945 | Orc:1    | Found Jidyg's Antique Weapon Shoppe.
 11951 | Orc:1    | Found a transporter.
 12010 | Orc:1    | Noticed an orc warlord
 12062 | Orc:1    | Killed an orc warlord
 12135 | Orc:1    | Found Lufiu's Weapon Boutique.
 12222 | Orc:1    | Found Vomib's Antique Armour Boutique.
 12514 | Orc:2    | Noticed Sonja
 12531 | Orc:2    | Killed Sonja
 12575 | Orc:2    | Found Xudode's Book Boutique.
 12768 | Orc:2    | Reached skill level 20 in Axes
 12936 | Orc:2    | Found a staircase to the Elven Halls.
 13045 | Orc:2    | Found a shimmering blue altar of Sif Muna.
 13062 | Orc:2    | Got Sif Muna's Grimoire of the Pyre
 13081 | Orc:2    | Found Sicedidy's Antique Armour Boutique.
 13081 | Orc:2    | Found Nosatonoi's Armour Boutique.
 13082 | Orc:2    | Found Ucefir's Antique Weapon Shop.
 13086 | Orc:2    | Found Xiec's Magic Scroll Shop.
 13089 | Orc:2    | Bought a pair of warped boots for 199 gold pieces
 13089 | Orc:2    | Identified the +0 pair of boots of Curiosity {rF- Str+3
                  | Slay+5} (You bought it in a shop on level 2 of the Orcish
                  | Mines)
 13101 | Orc:2    | Bought a scroll of identify for 30 gold pieces
 13101 | Orc:2    | Bought a scroll of identify for 30 gold pieces
 13101 | Orc:2    | Bought a scroll of identify for 30 gold pieces
 13101 | Orc:2    | Bought a scroll of identify for 30 gold pieces
 13108 | Orc:2    | Reached XP level 14. HP: 126/126 MP: 9/18
 13186 | Orc:2    | Found Xabol's Specific Store.
 13186 | Orc:2    | Found Duole's General Store.
 13187 | Orc:2    | Noticed Erolcha
 13199 | Orc:2    | Killed Saint Roka
 13199 | Orc:2    | Received a gift from Okawaru
 13201 | Orc:2    | Killed Erolcha
 13366 | Orc:2    | Bought a scroll of identify for 32 gold pieces
 13790 | Lair:1   | Entered Level 1 of the Lair of Beasts
 13984 | Lair:1   | Identified the ring of the King {rElec rC+ Will+ Dex-3
                  | SInv}
 14904 | Lair:2   | Received a gift from Okawaru
 14941 | Lair:2   | Reached skill level 21 in Axes
 15021 | Lair:2   | Found a staircase to the Snake Pit.
 15400 | Lair:3   | Reached XP level 15. HP: 134/134 MP: 11/20
 15718 | Lair:3   | Found a staircase to the Swamp.
 16271 | Lair:4   | Received a gift from Okawaru
 16485 | Lair:4   | Found a staircase to the Slime Pits.
 17030 | Lair:4   | Acquired the +1 buckler of Dyelocw {Harm rPois Str+2 Int+2}
 17030 | Lair:4   | Received a gift from Okawaru
 17078 | Swamp:1  | Entered Level 1 of the Swamp
 17292 | Swamp:1  | Received a gift from Okawaru
 17303 | Swamp:1  | Slain by an eight-headed hydra

Illustrated notes

Levels and vault maps discovered:
D:1:      dpeg_arrival_morbid_curiosity, layout_basic
D:2:      layout_loops_ring
D:3:      layout_loops_ring, old_standard_altar, zin_scriptorium,
          basic_ecumenical_altar
D:4:      layout_basic
D:5:      layout_loops_corners, lemuel_coloured_pillars_altar
D:6:      layout_loops_ring, minmay_temple_entry_mini_moons,
          hangedman_decor_lopped, uniq_sigmund
D:7:      layout_basic, hellmonk_ghost_happy_afterlife, uniq_maggie
D:8:      layout_basic, tgw_trog, lemuel_doored_altar
D:9:      layout_rooms, david_lair_generic, enter_bailey_5, serial_shops,
          kennysheep_little_box, shop, nicolae_shop_gibbet_a_chance,
          nicolae_shop_tiny_glass, nicolae_shop_advertising_works
          [nicolae_subvault_shop_adworks]
D:10:     nzn_winding_woodlands_small [nzn_winding_woodlands_5x15_longhouse,
          nzn_winding_woodlands_center_pierced_h,
          nzn_winding_woodlands_5x15_twine], layout_small_grid,
          minmay_orc_entry_temple_small, serial_rivers,
          chequers_serial_rivers_micro_d, chequers_serial_rivers_micro_c,
          chequers_serial_rivers_large_b, chequers_serial_rivers_small_a,
          uniq_josephine
D:11:     layout_loops_ring, uniq_harold, uniq_snorg
D:12:     layout_long_grid, hangedman_decor_slide_cut, uniq_fannar
D:13:     gammafunk_beogh_shrine, layout_rooms,
          hangedman_vaults_entry_quadrant_bands, grunt_ministairs_4,
          minmay_joined_circles, uniq_nessos
Temple:   minmay_temple_bridge_d
Lair:1:   layout_cave_pods, special_room [special_room_bee],
          chequers_serial_rivers_micro_a, beast_lair_carwin_6, lemuel_fruit_tree
Lair:2:   layout_roguey, nicolae_snake_entry_warm_welcome, nzn_random_ring
Lair:3:   beast_lair_carwin_large_1, layout_cellular_growth,
          skrybe_swamp_entry_bodies, serial_bayou_lagoon_a,
          nicolae_lair_lil_pond, guppyfry_lair_drakes,
          infiniplex_staircase_pool_2
Lair:4:   layout_long_grid, slime_entry_1, grunt_forest_small_clearings
Swamp:1:  regret_index_all_hallows'_manor, layout_falls_marsh,
          evilmike_swamp_ruin_house_5, swamp_pool_1_2
Orc:1:    cheibrodos_orc_arena, layout_caves, serial_shops,
          nicolae_shop_drivethru, nicolae_diamond_shop,
          nicolae_shop_overgrown_old_shop, nicolae_shop_gaudy_bauble,
          nicolae_shop_statue_plus, david_defended_altar_orc
Orc:2:    st_orc_mages, layout_diamond_mine, serial_shops,
          nicolae_book_shop_shelving, nicolae_specific_store, led_sif_book,
          uniq_saint_roka, uniq_erolcha, uniq_sonja

Skill      XL: |  1  2  3  4  5  6  7  8  9 10 11 12 13 14 15 |
---------------+----------------------------------------------+-----
Axes           | 3 4 5 6 7 8 10 14 15 17 19 20 21 | 21.7
Fighting       | 4 5 6 7 8 9 10 12 13 | 13.3
Shields        | 4 5 6 7 8 10 11 12 | 12.6
Armour         | 4 5 6 7 8 10 11 12 | 12.7
Invocations    | 3 4 6 7 8 9 |  9.1
Evocations     | 2 4 5 6 7 8 |  8.3
Throwing       | 2 |  2.2

Action                     |  1- 3 |  4- 6 |  7- 9 | 10-12 | 13-15 || total
---------------------------+-------+-------+-------+-------+-------++-------
  Melee: War axe           |    88 |   113 |       |    75 |       ||   276
         Headbutt          |     8 |    25 |    39 |    98 |    72 ||   242
         Flail             |       |    50 |    97 |     9 |       ||   156
         Hand axe          |       |       |   135 |   264 |       ||   399
         Broad axe         |       |       |       |   110 |   486 ||   596
  Throw: Throwing net      |       |     1 |       |       |       ||     1
 Invoke: Heroism           |       |       |     2 |    11 |     5 ||    18
         Receive Weapon    |       |       |       |     1 |       ||     1
         Finesse           |       |       |       |       |     1 ||     1
         Receive Armour    |       |       |       |       |     1 ||     1
    Use: Scroll            |       |     8 |     8 |    13 |    10 ||    39
         Potion            |       |       |     1 |       |     1 ||     2
 Armour: Scale mail        |    61 |    43 |       |       |       ||   104
         Chain mail        |       |    46 |   199 |   389 |       ||   634
         Crystal plate arm |       |       |       |     3 |   269 ||   272
  Dodge: Dodged            |    49 |    72 |    61 |   106 |    58 ||   346
  Block: Buckler           |    13 |    24 |    61 |    82 |     9 ||   189
         Kite shield       |       |       |       |    84 |   232 ||   316
